 Dungeon Crawl Stone Soup version 0.32-a0-120-gfac0567ad4 (webtiles) character file.

Game seed: 7800281350158792489

179 Rennog the Changeling (level 5, 0/36 HPs)
             Began as an Octopode Shapeshifter on Feb 7, 2024.
             Splashed by a jelly's acid (9 damage)
             ... on level 4 of the Dungeon.
             The game lasted 00:03:34 (2744 turns).

Rennog the Changeling (Octopode Shapeshifter)       Turns: 2744, Time: 00:03:36

Health: 0/36       AC: -7    Str: 16    XL:     5   Next: 59%
Magic:  5/5        EV: 13    Int: 12    God:
Gold:   221        SH:  0    Dex: 11    Spells: 4/4 levels left

rFire   . .          .
                       - Unarmed
rCold   . . .        (no shield)
rNeg    . . .        (helmet currently unavailable)
rPois   .            i - amulet of magic regeneration
rElec   .            (no ring)
rCorr   .            (no ring)
SInv    .            (no ring)
Will    .....        (no ring)
Stlth   ++           (no ring)
HPRegen 0.26/turn    (no ring)
MPRegen 0.49/turn    (no ring)
                     (no ring)

%: no passive effects
@: beast-form, corroded
A: beast (slay +2), almost no armour, amphibious, 8 rings, camouflage 1,
gelatinous body 1, (nimble swimmer 1), tentacles
a: Begin Untransformation


You were on level 4 of the Dungeon.
You were a hulking beast.
You visited 1 branch of the dungeon, and saw 4 of its levels.

You collected 221 gold pieces.

Inventory:

Missiles
 d - 6 curare-tipped darts (quivered)
Jewellery
 i - an amulet of magic regeneration (around mantle)
 q - the ring "Vuseti" {rF+ rN+}
   (You found it on level 4 of the Dungeon)

   [ring of positive energy]

   rF+:       It protects you from fire.
   rN+:       It protects you from negative energy.
Talismans
 b - a beast talisman
 c - a flux talisman
 o - a maw talisman
Wands
 r - a wand of roots (4)
Scrolls
 e - 2 scrolls of blinking {unknown}
 f - a scroll of poison {unknown}
 g - 2 scrolls of fear {unknown}
 j - a scroll of silence {unknown}
 k - a scroll of teleportation {unknown}
 s - a scroll of amnesia {unknown}
Potions
 a - a potion of lignification
 h - 2 potions of enlightenment {unknown}
 l - a potion of curing {unknown}
 m - 2 potions of brilliance {unknown}
 n - a potion of attraction {unknown}
 p - 2 potions of degeneration {unknown}


   Skills:
 + Level 3.0 Fighting
 - Level 2.0 Dodging
 - Level 3.0 Unarmed Combat
 * Level 5.0 Shapeshifting


You had 4 spell levels left.
You didn't know any spells.
Your spell library contained the following spells:

 Spells                   Type           Power      Damage    Failure   Level
 Slow                     Hex            0%         N/A       32%         1
 Cigotuvi's Dreadful Rot  Necr/Alch/Air  0%         N/A       45%         2
 Confusing Touch          Hex            0%         N/A       69%         3
 Sigil of Binding         Hex            0%         N/A       69%         3
 Vampiric Draining        Necr           0%         2d6       69%         3
 Ignite Poison            Fire/Alch      0%         N/A       97%         4
 Freezing Cloud           Conj/Ice/Air   0%         6-21      100%        5


Dungeon Overview and Level Annotations

Branches:
Dungeon (4/15)
 Temple: D:4-7

Altars:
Fedhas

Annotations:
D:4 3 runed translucent doors, Atlas's ghost, novice DsFE; zenocrate's ghost, weakling DsDe


Innate Abilities, Weirdness & Mutations

You are a hulking beast.
Your limbs bulge with bestial killing power. (Slay +2)
You cannot wear most types of armour.
You are amphibious.
You can wear up to eight rings at the same time.
Your skin changes colour to match your surroundings (Stealth+).
Your rubbery body absorbs attacks. (AC +1, EV +1)
((You are camouflaged when in or above water. (Stealth+)))
You have tentacles for arms and can constrict up to eight enemies at once.


Message History

No target in view!
You now have 221 gold pieces (gained 14).
A jelly comes into view.
A jelly is nearby!
A jelly is nearby!
A jelly is nearby!
The helpless jelly fails to defend itself.
You tentacle-slap the jelly.
Your tentacles burn!
You tentacle-slap the jelly.
The jelly is heavily wounded.
The jelly closely misses you.
You tentacle-slap the jelly. The acid corrodes you!
Your tentacles burn!
The jelly is heavily wounded.
The jelly barely misses you.
You tentacle-slap the jelly but do no damage.
The acid corrodes you!
Your tentacles burn!
The jelly is heavily wounded.
The jelly misses you.
You tentacle-slap the jelly.
Your tentacles burn!
The jelly is heavily wounded.
The jelly closely misses you.
A ribbon worm comes into view.
You tentacle-slap the jelly.
Your tentacles burn!
The jelly is almost dead.
The jelly barely misses you.
You tentacle-slap the jelly.
Your tentacles burn!
You squeeze the jelly, but do no damage.
The jelly is almost dead.
The jelly closely misses you.
You are too injured to fight recklessly!
You are too injured to fight recklessly!
You tentacle-slap the jelly but do no damage.
Your tentacles burn!
The jelly is almost dead.
You tentacle-slap the jelly but do no damage.
Your tentacles burn!
The jelly is almost dead.
The jelly hits you.
* * * LOW HITPOINT WARNING * * *
You are splashed with acid!
You die...

#.)......# .
.........######
###......##
#######.### #
##......####### #.#
# #.#.##.......# #.#
# #.#.##..####.# #.
#.#.....####.#####.
#.
#.####..##.........#
#.###...##.#.#####..
#........wh#.#
#####....J...#
##########


You could see a ribbon worm and a jelly.

Vanquished Creatures
  Natasha (thrice) (D:2)
  Robin (D:2)
  An adder (D:3)
  2 ribbon worms
  A dart slug (D:1)
  3 orcs (D:4)
  4 bats
  11 endoplasms
  A giant cockroach (D:3)
  16 goblins
  3 hobgoblins
  A jackal (D:3)
  3 quokkas
  4 ball pythons
  5 frilled lizards
  4 kobolds
  10 rats
73 creatures vanquished.

Notes
Turn   | Place    | Note
-------+----------+-------------------------------------------
     0 | D:1      | Rennog the Octopode Shapeshifter began the quest for the
                  | Orb.
     0 | D:1      | Reached XP level 1. HP: 13/13 MP: 1/1
    85 | D:1      | Reached XP level 2. HP: 15/18 MP: 2/2
   598 | D:1      | Reached XP level 3. HP: 24/24 MP: 3/3
   851 | D:2      | Noticed Robin
   864 | D:2      | Killed Robin
   960 | D:2      | Reached skill level 4 in Shapeshifting
   981 | D:2      | Noticed Natasha
   990 | D:2      | Killed Natasha
   991 | D:2      | Reached XP level 4. HP: 16/30 MP: 4/4
  1493 | D:2      | Noticed Natasha
  1524 | D:2      | Killed Natasha
  1669 | D:2      | Noticed Natasha
  1681 | D:2      | Killed Natasha
  1682 | D:2      | Reached XP level 5. HP: 33/36 MP: 5/5
  2080 | D:3      | Found a faded altar of an unknown god.
  2424 | D:4      | Found a blossoming altar of Fedhas.
  2481 | D:4      | Identified the ring "Vuseti" {rF+ rN+}
  2611 | D:4      | Found a runed translucent gate.
  2612 | D:4      | Found a runed translucent gate.
  2613 | D:4      | Found a runed translucent gate.
  2616 | D:4      | Noticed Atlas's ghost (novice DsFE)
  2616 | D:4      | Noticed zenocrate's ghost (weakling DsDe)
  2716 | D:4      | Reached skill level 5 in Shapeshifting
  2744 | D:4      | Splashed by a jelly's acid

Illustrated notes

Levels and vault maps discovered:
D:1:      psy_arrival_statuary, layout_loops_ring
D:2:      layout_loops_ring, uniq_robin, uniq_natasha
D:3:      layout_loops_cross, ebering_ecumenical_altar_sacrificial,
          minmay_mini_jars
D:4:      layout_loops_cross, fedhas_altar_1, gammafunk_ghost_cemetery

Skill      XL: |  1  2  3  4  5 |
---------------+----------------+-----
Fighting       | 2 3 |  3.0
Shapeshifting  | 4 5 |  5.0
Dodging        | |  2.0
Unarmed Combat | |  3.0

Action                     |  1- 3 |  4- 6 || total
---------------------------+-------+-------++-------
  Melee: Unarmed           |    70 |    73 ||   143
         Constrict         |    15 |    14 ||    29
         Tentacles         |    13 |    14 ||    27
         Punch             |       |     3 ||     3
   Stab: Sleeping          |     6 |    10 ||    16
 Armour: Skin              |    19 |    26 ||    45
  Dodge: Dodged            |    24 |    43 ||    67

Table legend: (Time is in decaauts)
 A = Elapsed time spent in this place.
 B = Non-inter-level travel time spent in this place.
 C = Inter-level travel time spent in this place.
 D = Time resting spent in this place.
 E = Time spent auto-exploring this place.
 F = Levels seen in this place.
 G = Mean time per level.
                   A        B        C        D        E       F      G
               +--------+--------+--------+--------+--------+-----+--------+
         Total |   2734 |   2660 |     74 |      0 |   2210 |   4 |  683.5 |
       Dungeon |   2734 |   2660 |     74 |      0 |   2210 |   4 |  683.5 |
               +--------+--------+--------+--------+--------+-----+--------+

Top non-repeatable levels by time:
     D:2: 1016 daAuts
     D:1: 725 daAuts
     D:3: 673 daAuts
     D:4: 318 daAuts
